 Dungeon Sprint DCSS version 0.21.1-1-g345015f (webtiles) character file.

9902 wilfster70 the Severer (level 11, -3/111 HPs)
             Began as a Deep Dwarf Fighter on May 16, 2018.
             Was the Champion of Makhleb.
             Killed by divine providence
             ... invoked by an orc priest
              (7 damage)
             ... in the Dungeon (Sprint IX: "|||||||||||||||||||||||||||||").
             The game lasted 00:05:49 (799 turns).

wilfster70 the Severer (Deep Dwarf Fighter)          Turns: 799, Time: 00:05:49

Health: -3/111     AC: 24    Str: 23    XL:     11   Next: 29%
Magic:  11/11      EV: 13    Int: 13    God:    Makhleb [******]
Gold:   479        SH: 13    Dex: 14    Spells: 10/10 levels left

rFire    + . .     SeeInvis .   a - +3 war axe (freeze)
rCold    . . .     Gourm    .   c - +0 shield
rNeg     . . .     Faith    .   y - +4 plate armour {rF+}
rPois    .         Spirit   .   r - +0 helmet
rElec    .         Reflect  .   (no cloak)
rCorr    .         Harm     .   A - +0 pair of gloves
MR       +....     NoTele   +   q - +0 pair of boots
Stlth    ..........             (no amulet)
HPRegen  0.00/turn              t - +3 ring of intelligence
MPRegen  0.12/turn              u - +3 ring of strength

@: non-regenerating
A: damage resistance, heal wounds, sense surroundings 2, no regeneration
a: Heal Wounds, Minor Destruction, Lesser Servant of Makhleb, Major Destruction,
Greater Servant of Makhleb, Renounce Religion


You were in the Dungeon.
You worshipped Makhleb.
Makhleb was exalted by your worship.
You were hungry.

You visited 1 branch You collected 479 gold pieces.

Inventory:

Hand Weapons
 a - a +3 war axe of freezing (weapon)
 b - a +2 scimitar of flaming
Armour
 c - a +0 shield (worn)
 q - a +0 pair of boots (worn)
 r - a +0 helmet (worn)
 y - a +4 plate armour of fire resistance (worn)
 A - a +0 pair of gloves (worn)
Jewellery
 t - a +3 ring of intelligence (left hand)
 u - a +3 ring of strength (right hand)
Wands
 o - a wand of acid (10)
Scrolls
 k - 2 scrolls of blinking
 m - 3 scrolls of remove curse
 n - 2 scrolls of amnesia
 s - 3 scrolls of fear
 z - a scroll of identify
Potions
 d - a potion of resistance
 e - 5 potions of curing
 h - 3 potions of haste
 i - 4 potions of magic
 j - a potion of berserk rage
 l - a potion of invisibility
 v - a potion of agility
 w - 2 potions of brilliance
 x - a potion of might
Comestibles
 f - 11 rations
 p - 3 chunks of flesh


   Skills:
 + Level 11.3 Fighting
 - Level 16.1 Axes
 + Level 13.0 Armour
 + Level 12.7 Dodging
 + Level 13.1 Shields


You had 10 spell levels left.
You didn't know any spells.

Dungeon Overview and Level Annotations

Branches:
Dungeon (1/1)

Altars:
Cheibriados
Dithmenos
Elyvilon
Fedhas
Gozag
Hepliaklqana
Kikubaaqudgha
Makhleb
Nemelex Xobeh
Okawaru
Qazlal
Ru
Sif Muna
Trog
Uskayaw
Vehumet
Wu Jian
Xom
Yredelemnul
Zin
The Shining One
Beogh
Jiyva
Lugonu

Shops:
D [


Innate Abilities, Weirdness & Mutations

You are resistant to damage.
You can heal yourself by infusing magical energy.
You passively map the area around you.
You do not regenerate.


Message History

The orc priest is severely wounded.
The orc high priest starts to sing a prayer.
You block the orc priest's attack.
The orc priest begins to cast a cantrip, but forgets the words!
The orc high priest intones a terrible prayer.
You slice the orc priest!! You freeze the orc priest.
You kill the orc priest!
Makhleb accepts your kill.
You feel better.
You closely miss the orc high priest. You slice the orc high priest!!
You freeze the orc high priest!
The orc high priest is heavily wounded.
The orc high priest mumbles some strange prayers to Beogh against you.
Beogh smites you!
* * * LOW HITPOINT WARNING * * *
The orc high priest calls upon Beogh to heal the orc high priest.
The orc high priest is healed somewhat.
The orc priest calls down the wrath of Beogh upon you.
Beogh smites you!
You die...

▓.▓.▓.▓.▓,*
, , *,
▓.▓.▓.▓.▓∩▓
, *
▓)▓.▓.▓.▓o▓
, +* *
▓|▓.▓.▓.▓o▓
* ,*
▓.▓.▓.▓.▓o▓
*,*
▓.▓.▓.▓.▓$▓
* * *,
▓'▓.▓†▓.▓o▓
, *
▓_▓.▓.▓.▓o▓,
*
▓_▓.▓.▓.▓@▓
*
▓_▓.▓.▓.▓.▓
* *
▓_▓.▓.▓.▓.▓
* * ,
▓_▓.▓.▓.▓)▓,
* *+ ,
▓_▓.▓.▓)▓)▓
+ *
▓_▓.▓.▓.▓)▓,
, *
▓_▓.▓.▓.▓)▓,
▓_▓.▓.▓.▓)▓,
*
▓_▓.▓÷▓.▓[▓
, *


You could see 3 orc high priests and 2 orc priests.

Vanquished Creatures
  A hydra (D)
  Erica (D)
  A two-headed ogre (D)
  An orc high priest (D)
  A skeletal warrior (D)
  5 orc knights (D)
  A black mamba (D)
  A spiny frog (D)
  A komodo dragon (D)
  2 tyrant leeches (D)
  A blink frog (D)
  3 hippogriffs (D)
  A steam dragon (D)
  A hungry ghost (D)
  2 vampire mosquitoes (D)
  2 water moccasins (D)
  A soldier ant (D)
  3 porcupines (D)
  6 orc warriors (D)
  2 wolves (D)
  A crocodile (D)
  6 bullfrogs (D)
  A scorpion (D)
  A wight (D)
  5 orc priests (D)
  2 orc wizards (D)
  An adder (D)
  3 adder skeletons (D)
  A leopard gecko (D)
  10 orcs (D)
  A bat (D)
  A bat zombie (D)
  A goblin (D)
  A kobold (D)
  A ball python skeleton (D)
  A frilled lizard (D)
  A giant cockroach zombie (D)
75 creatures vanquished.

Notes
Turn   | Place    | Note
-------+----------+-------------------------------------------
     0 | D        | wilfster70 the Deep Dwarf Fighter began the quest for the Orb.
     0 | D        | Reached XP level 1. HP: 20/20 MP: 1/1
    27 | D        | Reached skill level 3 in Axes
    27 | D        | Reached skill level 1 in Dodging
    46 | D        | Reached XP level 2. HP: 19/28 MP: 2/2
    61 | D        | Reached skill level 4 in Axes
    69 | D        | Found a roughly hewn altar of Beogh.
    69 | D        | Found a snail-covered altar of Cheibriados.
    69 | D        | Found a shadowy altar of Dithmenos.
    69 | D        | Found a white marble altar of Elyvilon.
    69 | D        | Found a blossoming altar of Fedhas.
    69 | D        | Found an opulent altar of Gozag.
    70 | D        | Found a hazy altar of Hepliaklqana.
    71 | D        | Found a viscous altar of Jiyva.
    72 | D        | Found an ancient bone altar of Kikubaaqudgha.
    73 | D        | Found a corrupted altar of Lugonu.
    74 | D        | Found a burning altar of Makhleb.
    75 | D        | Found a sparkling altar of Nemelex Xobeh.
    76 | D        | Found an iron altar of Okawaru.
    77 | D        | Found a stormy altar of Qazlal.
    78 | D        | Found a sacrificial altar of Ru.
    79 | D        | Found a deep blue altar of Sif Muna.
    80 | D        | Found a bloodstained altar of Trog.
    81 | D        | Found a hide-covered altar of Uskayaw.
    82 | D        | Became a worshipper of Makhleb the Destroyer
    83 | D        | Found a radiant altar of Vehumet.
    84 | D        | Found an ornate altar of the Wu Jian Council.
    85 | D        | Found a shimmering altar of Xom.
    86 | D        | Found a basalt altar of Yredelemnul.
    87 | D        | Found a glowing silver altar of Zin.
    88 | D        | Found a glowing golden altar of the Shining One.
   143 | D        | Noticed a hungry ghost
   143 | D        | Noticed a soldier ant
   143 | D        | Noticed a steam dragon
   143 | D        | Noticed a wight
   143 | D        | Noticed a hippogriff
   152 | D        | Killed a hippogriff
   152 | D        | Reached skill level 5 in Fighting
   152 | D        | Reached skill level 7 in Axes
   152 | D        | Reached skill level 5 in Dodging
   152 | D        | Reached XP level 3. HP: 38/39 MP: 3/3
   152 | D        | Reached XP level 4. HP: 45/46 MP: 4/4
   152 | D        | Reached XP level 5. HP: 51/52 MP: 5/5
   155 | D        | Reached skill level 8 in Axes
   162 | D        | Killed a steam dragon
   162 | D        | Reached * piety under Makhleb
   162 | D        | Reached skill level 9 in Axes
   162 | D        | Reached XP level 6. HP: 49/62 MP: 6/6
   165 | D        | Killed a soldier ant
   171 | D        | Killed a hungry ghost
   171 | D        | Reached skill level 10 in Axes
   171 | D        | Reached XP level 7. HP: 67/70 MP: 7/7
   172 | D        | Reached ** piety under Makhleb
   182 | D        | Noticed a two-headed ogre
   182 | D        | Noticed a skeletal warrior
   206 | D        | Killed a skeletal warrior
   206 | D        | Reached skill level 11 in Axes
   206 | D        | Reached XP level 8. HP: 45/80 MP: 8/8
   214 | D        | Killed a two-headed ogre
   214 | D        | Reached skill level 12 in Axes
   218 | D        | Reached *** piety under Makhleb
   350 | D        | Noticed a komodo dragon
   350 | D        | Noticed a five-headed hydra
   350 | D        | Noticed a hippogriff
   368 | D        | Killed a hippogriff
   368 | D        | Reached **** piety under Makhleb
   368 | D        | Gained mutation: You passively map the area around you. [Deep Dwarf growth]
   368 | D        | Reached XP level 9. HP: 67/90 MP: 9/9
   376 | D        | Killed a one-headed hydra
   376 | D        | Reached skill level 13 in Axes
   376 | D        | Reached skill level 10 in Armour
   376 | D        | Reached skill level 10 in Shields
   391 | D        | Killed a komodo dragon
   391 | D        | Reached skill level 10 in Dodging
   393 | D        | Reached ***** piety under Makhleb
   393 | D        | Reached skill level 14 in Axes
   425 | D        | Noticed a black mamba
   444 | D        | Reached XP level 10. HP: 99/99 MP: 10/10
   449 | D        | Killed a black mamba
   470 | D        | Noticed a spiny frog
   480 | D        | Reached ****** piety under Makhleb
   491 | D        | Reached skill level 15 in Axes
   496 | D        | Killed a spiny frog
   509 | D        | Reached skill level 10 in Fighting
   595 | D        | Noticed Erica
   606 | D        | Killed Erica
   655 | D        | Noticed an orc knight
   655 | D        | Noticed an orc knight
   676 | D        | Killed an orc knight
   687 | D        | Killed an orc knight
   687 | D        | Reached skill level 16 in Axes
   691 | D        | Noticed an orc knight
   703 | D        | Killed an orc knight
   703 | D        | Reached XP level 11. HP: 45/110 MP: 11/11
   744 | D        | Noticed an orc knight
   746 | D        | Noticed an orc knight
   755 | D        | Noticed an orc high priest
   769 | D        | Killed an orc knight
   775 | D        | Killed an orc knight
   787 | D        | Killed an orc high priest
   793 | D        | Found Kongar's Antique Armour Boutique.
   793 | D        | Noticed an orc high priest
   793 | D        | Noticed an orc high priest
   795 | D        | Noticed an orc high priest
   799 | D        | HP: 4/111 [orc high priest/divine providence (11)]
   799 | D        | Killed from afar by an orc priest

Skill      XL: |  1  2  3  4  5  6  7  8  9 10 11 |
---------------+----------------------------------+-----
Fighting       | 3 5 6 7 8 9 10 11 | 11.3
Axes           | 3 7 9 10 11 12 14 16 | 16.1
Dodging        | 1 5 6 7 9 10 12 | 12.7
Armour         | 6 7 8 9 10 12 13 | 13.0
Shields        | 6 7 8 9 11 12 13 | 13.1

Action                   |  1- 3 |  4- 6 |  7- 9 | 10-12 || total
-------------------------+-------+-------+-------+-------++-------
Melee: War axe           |    60 |    19 |   107 |   173 ||   359
       Scimitar          |       |       |     7 |       ||     7
  Use: Potion            |     1 |       |     2 |     2 ||     5
       Scroll            |       |       |     2 |       ||     2
  Eat: Chunk             |       |       |     1 |     1 ||     2
Armor: Scale mail        |    20 |       |       |       ||    20
       Chain mail        |    16 |     8 |     2 |       ||    26
       Plate armour      |       |       |    40 |    16 ||    56
Dodge: Dodged            |    23 |     7 |    24 |    29 ||    83
Block: Shield            |    38 |     6 |    49 |    61 ||   154
       Rpst.: Scimitar   |       |       |     1 |       ||     1
